 Dungeon Crawl Stone Soup version 0.19-a0-1195-ge0bab27 (webtiles) character file.

67 Gelly3 the Slasher (level 4, 0/33 HPs)
             Began as a Merfolk Skald on Aug 19, 2016.
             Succumbed to an adder's poison
             ... on level 1 of the Dungeon.
             The game lasted 00:03:44 (1254 turns).

Gelly3 the Slasher (Merfolk Skald)                  Turns: 1254, Time: 00:03:45

Health: 0/33       AC:  4    Str:  9 (12) XL:     4   Next: 16%
Magic:  6/7        EV: 11    Int:  9 (11) God:
Gold:   87         SH:  0    Dex: 11 (12) Spells: 2 memorised, 4 levels left

rFire  . . .     SeeInvis .     a - +0 falchion
rCold  . . .     Gourm    .     b - +0 leather armour
rNeg   . . .     Faith    .     (no shield)
rPois  .         Spirit   .     (no helmet)
rElec  .         Dismiss  .     (no cloak)
rCorr  .         Reflect  .     (no gloves)
MR     .....     Harm     .     (no boots)
Stlth  +.........               (no amulet)
                                (no ring)
                                (no ring)

@: lethally poisoned (0 -> -16), about to teleport, very slightly contaminated,
hasted, very quick
A: change form in water, swift swim, clumsy 1, shaggy fur 1, slow regeneration 1
a: no special abilities


You were on level 1 of the Dungeon.
You were not hungry.

You visited 1 branch of the dungeon, and saw 2 of its levels.

You collected 87 gold pieces.

Inventory:

Hand Weapons
 a - a +0 falchion (weapon)
Armour
 b - a +0 leather armour (worn)
Scrolls
 e - 3 scrolls of fear {unknown}
 f - a scroll of teleportation
 i - a scroll of amnesia {unknown}
 k - 2 scrolls of identify {unknown}
Books
 c - a book of Battle
Comestibles
 d - 2 bread rations
 j - 8 chunks of flesh
 l - a meat ration


   Skills:
 - Level 2.1 Fighting
 + Level 4.7 Long Blades
 - Level 0.6 Armour
 - Level 1.3 Dodging
 - Level 2.0 Spellcasting
 - Level 3.2 Charms


You had 4 spell levels left.
You knew the following spells:

 Your Spells              Type           Power        Failure   Level  Hunger
a - Infusion              Chrm           #...         14%         1    ##.....
s - Shroud of Golubria    Chrm/Tloc      #.........   38%         2    ###....


Dungeon Overview and Level Annotations

Branches:
Dungeon (2/15)

Altars:


Innate Abilities, Weirdness & Mutations

You revert to your normal form in water.
You are very nimble and swift while swimming.
You are clumsy. (Dex -2)
You are covered in fur. (AC +1)
You regenerate slowly when monsters are visible.


Message History

A giant newt be nearby!
A giant newt be nearby!
An adder comes inta view.
A worm comes inta view.
Tha giant newt misses ye.
Ye hit tha giant newt.
Ye kill tha giant newt!
Ye hit tha adder.
Tha adder be heavily wounded.
Tha adder bites ye.
Ye barely miss tha adder.
Tha adder be heavily wounded.
Tha adder barely misses ye.
Tha adder bites ye.
Ye be poison'd.
Tha adder poisons ye!
Ye closely miss tha adder.
Tha adder be heavily wounded.
Ye feel sick.
Tha adder bites ye.
Ye be more poison'd.
Tha adder poisons ye!
Unknown command.
Castin': Shroud o' Golubria Confirm wit' . or Enter, or press ? or * ta list all spells.
Space distorts slightly along a thin shroud coverin' yer body.
Ye feel sick.
Tha adder closely misses ye.
Ye riposte.
Ye miss tha adder.
Tha adder be heavily wounded.
Unknown command.
Ye feel sick.
Tha adder closely misses ye.
Ye be too injured ta fight recklessly!
Ye hit tha adder but do nay damage.
Tha adder be moderately wounded.
Ye feel sick.
Tha adder barely misses ye.
Ye hit tha adder.
Tha adder be almost dead.
Yer shroud begins ta fray at tha edges.
Ye feel sick.
Tha adder misses ye.
Tha adder barely misses ye.
Unknown command.
Ye hit tha adder.
Ye kill tha adder!
Ye feel sick.
Ye feel sick.
Yer shroud unravels.
Ye feel sick.
Ye feel sick.
Ye be feelin' hungry.
Ye feel sick.
Ye feel sick.
Ye op'n tha door.
An adder comes inta view.
Ye feel sick.
Ye be nay longer poison'd.
Thar be an op'n door 'ere.
Ye close tha door.
Tha adder hisses angrily.
Ye op'n tha door.
Thar be an op'n door 'ere.
Ye close tha door.
Ye start restin'.
Eatin' 'un o' 9 chunks o' flesh.
Ye start eatin' 'un o' tha 9 chunks o' flesh.
Ye continue eatin'. x2
Ye finish eatin'. 'tis raw flesh tastes terrible.
Tha adder bites ye but does nay damage.
Castin': Shroud o' Golubria Confirm wit' . or Enter, or press ? or * ta list all spells.
Space distorts slightly along a thin shroud coverin' yer body.
Tha adder closely misses ye.
Tha adder bites ye but does nay damage.
Tha adder closely misses ye.
Thar be a stone staircase leadin' up 'ere.
Tha adder bites ye.
Ye be poison'd.
Tha adder poisons ye!
Yer shroud falls apart!
Ye climb upwards.
Ye feel sick.
Thar be a stone staircase leadin' down 'ere.
Unknown command.
Ye barely miss tha adder.
Ye feel sick.
Tha adder bites ye.
* * * LOW HITPOINT WARNIN'
* * * Ye be leth'lly poison'd!
Tha adder poisons ye!
Tha adder bites ye but does nay damage.
Unknown command.
It was a potion o' haste.
Ye feel yerself speed up.
* * * LOW HITPOINT WARNIN'
* * * Ye feel sick.
Tha adder bites ye.
* * * LOW HITPOINT WARNIN'
* * * Ye be more poison'd.
Tha adder poisons ye!
Ye be very lightly contaminated wit' residual magic.
It was a potion o' degeneration.
Thar was somethin' very wrong wit tha liquid.
Ye feel weaken'd.
Ye feel dopey.
Ye feel clumsy.
* * * LOW HITPOINT WARNIN'
* * * Ye feel sick.
Tha adder bites ye but does nay damage.
It was a potion o' mutation.
Ye feel 'stremely strange.
Yer regeneration weakens near monsters.
Fur sprouts all o'er yer body.
Ye feel clumsy.
Tha adder bites ye.
* * * LOW HITPOINT WARNIN'
* * * As ye read tha scroll labeled RAEBBE APAHOPP, it crumbles ta dust.
Ye feel strangely unst'ble.
It was a scroll o' teleportation.
Ye die...

#.###.## #.##.##.###....
#..##..# #.##.##.# #....
##.###.# #..#.##.####...
#.# #.####..)##.#.....#
#####.###...##......#.###..
#......####.##........#####
#..........................
#........S.#.#.....#...#...
#......###@..).............
#......# ###...............
####...# ##......###.....
######..#.### #......#
###... #......##...##
#......# ##....
##.########..# #.######
#..... #..########.# #..#
#.###. ##.......##.####.#
#.# #. #######.....###.#
##.# #.


You could see an adder.

Vanquished Creatures
  3 adders (D:2)
  A worm (D:2)
  4 dart slugs (D:1)
  A giant gecko (D:2)
  A giant cockroach (D:2)
  A hobgoblin (D:2)
  2 jackals (D:2)
  A ball python (D:2)
  6 bats (D:1)
  3 giant newts
  3 goblins (D:1)
  3 kobolds
  4 rats
33 creatures vanquished.

Notes
Turn   | Place    | Note
-------+----------+-------------------------------------------
     0 | D:1      | Gelly3 the Merfolk Skald began the quest for the Orb.
     0 | D:1      | Reached XP level 1. HP: 16/16 MP: 3/3
   100 | D:1      | Reached skill level 3 in Long Blades
   100 | D:1      | Reached XP level 2. HP: 16/22 MP: 5/5
   774 | D:2      | Reached XP level 3. HP: 27/27 MP: 6/6
   783 | D:2      | Reached skill level 4 in Long Blades
   787 | D:2      | Learned a level 2 spell: Shroud of Golubria
  1142 | D:2      | Reached XP level 4. HP: 22/33 MP: 3/7
  1250 | D:1      | HP: 7/33 [adder (2)]
  1253 | D:1      | Gained mutation: You regenerate slowly when monsters are visible. [potion of mutation]
  1253 | D:1      | Gained mutation: You are covered in fur. (AC +1) [potion of mutation]
  1253 | D:1      | Gained mutation: You are clumsy. (Dex -2) [potion of mutation]
  1253 | D:1      | HP: 1/33 [adder (4)]
  1254 | D:1      | Succumbed to an adder's poison

Vault maps used:
D:1:      onia_arrival_mini_spirals
D:2:      lemuel_coloured_pillars_altar, okawaru_ov_weapons_minmay,
          lemuel_crystal_altar, first_bread, uniq_crazy_yiuf_cottage

Skill      XL: |  1  2  3 |
---------------+----------+-----
Long Blades    | 3 4 |  4.7
Fighting       | |  2.1
Armour         | |  0.6
Dodging        | |  1.3
Spellcasting   | |  2.0
Charms         | |  3.2

Action                   |  1- 3 |  4- 6 || total
-------------------------+-------+-------++-------
Melee: Falchion          |   114 |     9 ||   123
 Cast: Shroud of Golubri |     2 |     2 ||     4
  Use: Potion            |       |     3 ||     3
       Scroll            |       |     1 ||     1
 Stab: Sleeping          |     1 |       ||     1
  Eat: Chunk             |     1 |     1 ||     2
Armor: Leather armour    |    28 |     4 ||    32
Dodge: Dodged            |    52 |     9 ||    61

Vault maps used:
D:1:      onia_arrival_mini_spirals
D:2:      lemuel_coloured_pillars_altar, okawaru_ov_weapons_minmay,
          lemuel_crystal_altar, first_bread, uniq_crazy_yiuf_cottage

Table legend:
 A = Turns spent in this place as a percentage of turns spent in the entire game.
 B = Non-inter-level travel turns spent in this place as a percentage of non-inter-level travel turns spent in the entire game.
 C = Inter-level travel turns spent in this place as a percentage of turns spent in this place.
 D = Turns resting spent in this place as a percentage of non-inter-level travel turns spent in this place.
 E = Turns spent auto-exploring this place as a percentage of non-inter-level travel turns spent in this place.
 F = Non-inter-level travel turns spent in this place divided by the number of levels of this place that you've seen.
                   A       B       C       D       E      F
               +-------+-------+-------+-------+-------+----------------------
         Total | 100.0 | 100.0 |   0.7 |   2.3 |   9.2 | 222.0
       Dungeon | 100.0 | 100.0 |   0.7 |   2.3 |   9.2 | 222.0
               +-------+-------+-------+-------+-------+----------------------

Table legend:
 A = Kills in this place as a percentage of kills in entire the game.
 B = Kills by you in this place as a percentage of kills by you in the entire game.
 C = Kills by friends in this place as a percentage of kills by friends in the entire game.
 D = Other kills in this place as a percentage of other kills in the entire game.
 E = Experience gained in this place as a percentage of experience gained in the entire game.
 F = Experience gained in this place divided by the number of levels of this place that you have seen.
                   A       B       C       D       E      F
               +-------+-------+-------+-------+-------+----------------------
         Total | 100.0 | 100.0 |  -nan |  -nan | 100.0 |  48.0
       Dungeon | 100.0 | 100.0 |  -nan |  -nan | 100.0 |  48.0
               +-------+-------+-------+-------+-------+----------------------
